 Dungeon Crawl Stone Soup version 0.29.0-4-gdea44cf6ec (webtiles) character file.

Game seed: 11159273362898397708

75 qw the Chopper (level 4, -1/26 HPs)
             Began as a Tengu Warper on Aug 28, 2022.
             Slain by Ijyb
             ... wielding a +0 club
              (4 damage)
             ... on level 3 of the Dungeon.
             The game lasted 00:00:08 (1590 turns).

qw the Chopper (Tengu Warper)                       Turns: 1590, Time: 00:00:08

Health: -1/26      AC:  0    Str: 13    XL:     4   Next: 31%
Magic:  8/8        EV: 19    Int: 14    God:
Gold:   86         SH:  0    Dex: 18    Spells: 7/7 levels left

rFire   . . .      SeeInvis .   (weapon currently unavailable)
rCold   . . .      Faith    .   (shield currently unavailable)
rNeg    . . .      Spirit   .   (body armour currently unavailable)
rPois   .          Reflect  .   (helmet currently unavailable)
rElec   .          Harm     .   (cloak currently unavailable)
rCorr   .          Rampage  .   (gloves currently unavailable)
Will    .....                   (boots unavailable)
Stlth   ++........              (no amulet)
HPRegen 0.08/turn               (ring currently unavailable)
MPRegen 0.11/turn               (ring currently unavailable)

@: bat-form, flying, very quick
A: fast, flying, no casting, tiny, (beak), (talons 3)
a: no special abilities


You were on level 3 of the Dungeon.
You were a bat.
You visited 1 branch of the dungeon, and saw 3 of its levels.

You collected 86 gold pieces.


Innate Abilities, Weirdness & Mutations

You are a bat.
You are tiny and dextrous.
You move quickly.
You are flying.
Your equipment is almost entirely melded.
You are incapable of wielding weapons or throwing items.
You cannot cast spells.
((You have a beak for a mouth.))
((You have claws for feet.))


   Skills:
 - Level 2.0 Fighting
 + Level 4.9 Axes
 - Level 1.0 Throwing
 - Level 1.1 Armour
 - Level 2.1 Dodging
 - Level 2.0 Spellcasting
 - Level 2.4 Translocations


You had 7 spell levels left.
You didn't know any spells.
Your spell library contained the following spells:

 Spells                   Type           Power      Damage    Failure   Level
 Blink                    Tloc           16%        N/A       14%         2
 Gell's Gravitas          Tloc           8%         N/A       26%         3
 Lesser Beckoning         Tloc           8%         N/A       26%         3
 Teleport Other           Tloc           8%         N/A       26%         3
 Manifold Assault         Tloc           8%         N/A       94%         5

Inventory:

Hand Weapons
 a - a +0 flail
 Y - a +0 hand axe (melded)
Missiles
 i - a javelin
 k - 3 boomerangs
Armour
 e - a +0 ring mail (melded)
Scrolls
 c - 2 scrolls of enchant armour
Potions
 b - a potion of haste {unknown}
 g - 3 potions of heal wounds
 h - a potion of attraction {unknown}
 l - a potion of might {unknown}
 n - 2 potions of curing

Dungeon Overview and Level Annotations

Branches:
Dungeon (3/15)

Altars:

Shops:
D:1 !:

Annotations:
D:3 Ijyb


Message History

i - a javelin You see here a ball python corpse.
c - 2 scrolls of enchant armour (gained 1)
You see here a ball python corpse.
You now have 86 gold pieces (gained 9).
You see here 3 stones.
Ijyb the Twisted Goblin comes into view.
She is wielding a +0 club and carrying a wand of polymorph (13).
Ijyb zaps a wand.
You turn into a bat.
Your +0 hand axe melds into your body.
Your +0 ring mail melds into your body.
You barely miss Ijyb. Ijyb barely misses you.
You hit Ijyb but do no damage. Ijyb closely misses you.
You hit Ijyb but do no damage.
Ijyb drinks a potion.
Ijyb flickers and vanishes!
Deactivating autopickup; reactivate with Ctrl-A.
You barely miss something. Something hits you.
You hit something but do no damage. Something hits you.
You hit something but do no damage. Something barely misses you.
You hit something but do no damage. You hit something but do no damage.
Something closely misses you.
You barely miss something. Something hits you.
You barely miss something. Something hits you.
You hit something but do no damage. Something hits you.
You closely miss something. Something misses you.
You hit something. Something hits you.
You hit something. Something hits you.
You hit something but do no damage. Something hits you.
You die...

.......#####..#
....##..(..#.###
....######.....##
....# #.....##..#
#######.#######.#
# ##.%.# #.#
####..### #.#
.....##
#.#####... .##..#
#.b{...... .....#
###....###
.###..# .#### .#
##.# .# .# ... ##
.. #### ##


There were no monsters in sight!

Vanquished Creatures
  A hound (D:2)
  2 adders
  3 ball pythons
  3 endoplasms
  2 giant cockroaches (D:2)
  2 goblins (D:2)
  2 hobgoblins
  4 kobolds
  A quokka (D:2)
  2 bats
  3 frilled lizards
  4 rats
29 creatures vanquished.

Notes
Turn   | Place    | Note
-------+----------+-------------------------------------------
     0 | D:1      | qw the Tengu Warper began the quest for the Orb.
     0 | D:1      | Reached XP level 1. HP: 12/12 MP: 4/4
     0 | D:1      | 0 ||| qw: Version: 0.1-a-89-g26bdef1
     0 | D:1      | 0 ||| qw: Game counter: 459
     0 | D:1      | 0 ||| qw: Always use a shield: true
     0 | D:1      | 0 ||| qw: God list: Okawaru
     0 | D:1      | 0 ||| qw: Allow faded altars: false
     0 | D:1      | 0 ||| qw: Do Orc after D:15 true
     0 | D:1      | 0 ||| qw: Do second Lair branch before Depths: true
     0 | D:1      | 0 ||| qw: Lair rune preference: random
     0 | D:1      | 0 ||| qw: Plans: Normal
     0 | D:1      | 0 ||| PLANNING D:1-11
     6 | D:1      | Noticed an anaconda
     6 | D:1      | Noticed a black bear
     7 | D:1      | Noticed a six-headed hydra
     7 | D:1      | Noticed a killer bee
   103 | D:1      | 103 ||| Stepping ~*~*~tactically~*~*~ (stealth).
   179 | D:1      | Found Uleecw's Distillery.
   196 | D:1      | 196 ||| SHOPLISTING potion of curing (30 gold, have 11).
   196 | D:1      | 196 ||| SHOPLISTING potion of heal wounds (50 gold, have
                  | 11).
   212 | D:1      | Reached XP level 2. HP: 17/17 MP: 6/6
   254 | D:1      | Reached skill level 3 in Axes
   297 | D:1      | 297 ||| DROPPING +0 club.
   320 | D:1      | Found a faded altar of an unknown god.
   458 | D:1      | Found Lunaw's Vocational Training.
   512 | D:1      | 512 ||| READING scroll labelled KUOFOA KALO.
   513 | D:1      | 513 ||| READING scroll labelled EDESEXT WISOLL.
   514 | D:1      | 514 ||| READING scroll labelled RUIDOU BOGOO.
   515 | D:1      | 515 ||| READING scroll labelled LYFUKY UCRESCHU.
   516 | D:1      | 516 ||| DRINKING 4 red potions.
   517 | D:1      | 517 ||| DRINKING 2 puce potions.
   518 | D:1      | 518 ||| DROPPING scroll of blinking.
   560 | D:2      | 560 ||| DROPPING +0 whip.
   623 | D:2      | Reached XP level 3. HP: 21/21 MP: 7/7
   830 | D:2      | Reached skill level 4 in Axes
   848 | D:2      | Reached XP level 4. HP: 26/26 MP: 8/8
  1296 | D:2      | 1296 ||| UPGRADING to +0 ring mail.
  1306 | D:2      | 1306 ||| DROPPING +0 leather armour.
  1307 | D:2      | 1307 ||| READING scroll labelled OMMAUR UNTU.
  1308 | D:2      | 1308 ||| READING scroll labelled VUFEOQ DOALLEW.
  1313 | D:2      | 1313 ||| READING scroll labelled XIPHUA GYNURI.
  1314 | D:2      | 1314 ||| DRINKING 2 lumpy black potions.
  1315 | D:2      | 1315 ||| DROPPING potion of brilliance.
  1354 | D:3      | 1354 ||| STAIRDANCE
  1574 | D:3      | Noticed Ijyb
  1588 | D:3      | HP: 5/26 [something (2)]
  1590 | D:3      | Slain by Ijyb

Levels and vault maps discovered:
D:1:      onia_arrival_zoo_common, layout_basic,
          shapermc_ecumenical_altar_totnotflames, serial_shops,
          nicolae_shop_hallway_plus, minivault_23, minivault_19,
          hangedman_decor_clover_reticule, nicolae_shop_vocational
D:2:      layout_basic
D:3:      layout_rooms, uniq_ijyb

Skill      XL: |  1  2  3 |
---------------+----------+-----
Axes           | 3 4 |  4.9
Fighting       | |  2.0
Throwing       | |  1.0
Armour         | |  1.1
Dodging        | |  2.1
Spellcasting   | |  2.0
Translocations | |  2.4

Action                   |  1- 3 |  4- 6 || total
-------------------------+-------+-------++-------
Melee: Hand axe          |    23 |     7 ||    30
       Kick              |     4 |       ||     4
       Peck              |     2 |     1 ||     3
       Unarmed           |       |    15 ||    15
Throw: Boomerang         |    22 |     3 ||    25
       Javelin           |     8 |     6 ||    14
  Use: Scroll            |     4 |     3 ||     7
       Potion            |     2 |     1 ||     3
Armor: Leather armour    |     4 |     2 ||     6
Dodge: Dodged            |    12 |     7 ||    19

Table legend:
 A = Non-vault XP
 B = Vault XP
 C = Vault XP percentage of total XP
 D = Non-vault monster count
 E = Vault monster count
 F = Vault count percentage of total count
                 A         B        C        D         E       F
            +---------+---------+-------+---------+---------+-------
      Total |     108 |       0 |   0.0 |      29 |       0 |   0.0
            +---------+---------+-------+---------+---------+-------
        D:1 |      14 |       0 |   0.0 |      10 |       0 |   0.0
        D:2 |      78 |       0 |   0.0 |      16 |       0 |   0.0
        D:3 |      16 |       0 |   0.0 |       3 |       0 |   0.0
            +---------+---------+-------+---------+---------+-------
